Map: Jagannatha LE

Players

ViBE - Winner!

  • Race: Zerg Zerg
  • League: Platinum

BroastGarlic

  • Race: Terran Terran
  • League: Platinum

VOD

Have the link to the VOD?

Description

Time

  • Played on: April 6, 2021, 7:04 p.m.
  • Length: 11:53
Show
View Real Time Build Order
Export as new Build Order

ViBE Zerg - Winner!

Build Orders: Hatch First, Roach Hydra 

Get SALT Encoding   

  12  0:00  Drone  
  13  0:12  Overlord  
  13  0:18  Drone  
  14  0:30  Drone x2  
  16  0:49  Hatchery  
  15  0:52  Drone  
  15  0:56  Drone  
  17  1:00  Drone  
  18  1:18  Spawning Pool  
  18  1:19  Drone  
  18  1:21  Drone  
  19  1:28  Drone  
  19  1:31  Extractor  
  19  1:50  Drone  
  19  1:52  Overlord  
  20  2:04  Drone  
  20  2:05  Drone  
  22  2:10  Queen x2  
  26  2:18  Drone  
  26  2:19  Drone  
  28  2:32  Drone x2  
  30  2:38  Overlord  
  30  2:41  Drone  
  29  2:49  Drone x2  
  30  2:56  Queen  
  30  2:57  Lair  
  31  2:59  Drone x2  
  33  3:06  Drone x2  
  35  3:17  Drone x2  
  37  3:25  Overlord  
  37  3:26  Drone x5  
  42  3:33  Roach Warren, Evolution Chamber  
  40  3:39  Drone x4  
  44  3:53  Drone x2  
  46  3:55  Extractor  
  46  3:57  Extractor  
  44  4:07  Hatchery  
  44  4:08  Drone x6  
  49  4:19  Glial Reconstitution  
  49  4:20  Zerg Missile Weapons Level 1  
  49  4:21  Overlord x2  
  49  4:40  Queen  
  49  4:42  Roach x8  
  67  4:53  Overlord x2  
  67  5:07  Drone  
  67  5:08  Overlord  
  67  5:09  Overlord  
  68  5:15  Drone x4  
  72  5:25  Drone x2  
  74  5:31  Drone x6  
  74  5:34  Extractor  
  74  5:35  Drone x3  
  82  5:36  Hydralisk Den  
  82  5:39  Evolution Chamber  
  80  5:48  Drone x3  
  83  6:01  Drone x3  
  86  6:06  Extractor  
  86  6:08  Extractor  
  84  6:22  Drone  
  84  6:23  Drone x6  
  91  6:29  Zerg Missile Weapons Level 2  
  91  6:30  Zerg Ground Armor Level 1  
  91  6:31  Grooved Spines  
  91  6:32  Overlord x4  
  91  6:33  Overlord  
  91  6:35  Hydralisk x3  
  91  6:36  Hatchery  
  91  6:37  Overseer  
  96  6:58  Hydralisk x5  
  96  6:59  Hydralisk x4  
  114  7:10  Hydralisk x2  
  114  7:11  Hydralisk  
  114  7:12  Overlord x2  
  114  7:15  Drone  
  121  7:16  Drone x5  
  126  7:24  Drone  
  126  7:25  Drone x2  
  129  7:36  Drone  
  132  7:37  Drone x2  
  132  7:42  Muscular Augments  
  120  7:51  Hydralisk  
  120  7:52  Hydralisk x9  
  120  7:58  Hydralisk x3  
  122  8:06  Hydralisk  
  112  8:16  Queen  
  112  8:17  Hydralisk x5  
  124  8:21  Hydralisk x3  
  130  8:30  Roach x9  
  148  8:43  Overlord  
  148  8:44  Overlord x2  
  148  8:49  Drone x2  
  148  8:50  Drone x2  
  148  8:52  Hatchery  
  151  9:01  Hatchery  
  146  9:14  Extractor x2, Drone x6  
  146  9:15  Drone  
  147  9:19  Roach x9  
  147  9:21  Roach  
  165  9:35  Overlord x3  
  165  9:36  Overlord  
  165  9:37  Zerg Ground Armor Level 2  
  165  9:38  Ravager  
  165  9:42  Infestation Pit  
  164  9:51  Hydralisk  
  164  9:52  Hydralisk x5  
  176  9:54  Hydralisk x2  
  180  10:00  Hydralisk  
  180  10:05  Overseer  
  182  10:10  Hydralisk x3  
  182  10:11  Hydralisk  
  190  10:21  Hydralisk x4  
  190  10:22  Hydralisk  
  196  10:53  Hydralisk x2  
  162  11:17  Drone x2  
  162  11:18  Roach x11  
  162  11:19  Roach x4  
  162  11:20  Hydralisk x6  
  162  11:21  Hydralisk x5  
  168  11:43  Extractor  
  168  11:44  Extractor  
Show
View Real Time Build Order
Export as new Build Order

BroastGarlic Terran 

Build Orders: Mech 

Get SALT Encoding   

  12  0:00  SCV  
  13  0:12  SCV  
  14  0:22  Supply Depot  
  14  0:24  SCV  
  15  0:37  Refinery  
  15  0:43  SCV  
  15  0:45  Barracks  
  16  0:55  SCV  
  17  1:07  SCV  
  18  1:20  SCV  
  19  1:32  Reaper, Orbital Command  
  20  1:47  Command Center  
  20  2:01  SCV  
  21  2:02  Supply Depot  
  21  2:04  Marine  
  22  2:11  Factory  
  22  2:16  SCV  
  23  2:28  SCV  
  24  2:32  Supply Depot  
  24  2:35  Refinery  
  24  2:40  SCV  
  25  2:52  SCV  
  25  2:56  Barracks Tech Lab, Factory Tech Lab  
  26  3:01  Starport  
  26  3:02  Orbital Command  
  26  3:04  SCV  
  27  3:16  SCV  
  28  3:24  Siege Tank  
  28  3:25  Marine  
  32  3:29  SCV x2  
  34  3:37  Refinery  
  34  3:41  SCV x2  
  34  3:42  Refinery  
  36  3:56  Siege Tank  
  39  4:07  Factory  
  39  4:16  Barracks Tech Lab  
  40  4:17  SCV x2  
  40  4:19  Starport Reactor  
  41  4:27  Factory  
  41  4:29  SCV x2  
  43  4:32  Supply Depot  
  43  4:34  Engineering Bay  
  43  4:36  Supply Depot  
  43  4:39  Supply Depot  
  43  4:41  SCV  
  43  4:44  Siege Tank  
  47  4:48  SCV  
  48  4:53  SCV  
  49  5:00  Viking, SCV  
  52  5:07  Missile Turret  
  53  5:14  SCV x2  
  53  5:17  Factory Reactor  
  54  5:22  Factory  
  54  5:25  Armory  
  54  5:26  SCV  
  55  5:29  Supply Depot  
  55  5:31  Infernal Pre-Igniter  
  55  5:34  Hellion  
  57  5:37  SCV  
  58  5:49  SCV  
  59  5:57  Hellion x2  
  63  5:59  Siege Tank x2  
  69  6:07  Supply Depot  
  69  6:08  Supply Depot  
  69  6:13  SCV  
  69  6:17  Hellion  
  72  6:34  Terran Vehicle Weapons Level 1  
  72  6:35  Thor x2  
  72  6:38  Starport Tech Lab  
  84  6:45  Thor  
  90  6:48  Supply Depot  
  90  7:01  Command Center  
  90  7:02  Raven  
  90  7:07  Hellion  
  94  7:10  Hellion  
  96  7:18  Hellion x2  
  100  7:28  Hellion  
  100  7:29  Hellion  
  104  7:31  Hellion  
  106  7:39  Hellion  
  106  7:40  Hellion  
  81  8:03  Hellion x2  
  81  8:04  Hellion x3  
  78  8:25  Hellion x5  
  88  8:32  Orbital Command  
  88  8:37  Smart Servos  
  88  8:38  Drilling Claws  
  88  8:46  Siege Tank x3  
  95  9:14  Orbital Command  
  95  9:16  Hellion x2  
  79  9:18  Thor, Siege Tank x2  
  91  9:34  Sensor Tower  
  91  9:37  Hellion  
  91  9:38  Viking x2, Hellion  
  99  9:46  SCV x2  
  99  9:50  Siege Tank x2  
  107  9:58  Hellion  
  109  10:03  Thor  
  109  10:06  Sensor Tower  
  115  10:09  Hellion  
  115  10:12  Refinery  
  117  10:14  Refinery  
  117  10:20  Hellion  
  119  10:23  Hellion  
  119  10:24  Siege Tank  
  124  10:48  Hellion  
  124  11:03  Supply Depot x2  
  125  11:04  Hellion  
  125  11:05  Supply Depot  
  125  11:07  Siege Tank x3  
  59  11:26  Hellion x2  
Tags
 
Add a new tag
Caveats
  • Supply blocks, unpowered buildings, or Contaminate may cause inaccurate times.
  • Supply counts are checked every 10 seconds.